AoeStats
← RoadTo1100

Pilgrims

510057973Analyzed
3v3 RM · 4d ago on Sep 29, 2026· 87m 17s· 6 players
Game mode
Random Map
Map size
Normal (6 player)
Population
200
Speed
Normal
Resources
Standard
Victory
Conquest
Starting age
Dark Age
Ending age
Imperial Age
RankedLock teamsTeams togetherTeam positionsShared explorationLock speedFull tech treeHidden civsTurbo modeCheats
Victory
Defeat
🇬🇧 Saracens · United Kingdom
1362
+20
🇩🇪 Vikings · Germany
1362
+20
🇨🇳 Koreans · China
1330
+21
🇹🇼 Byzantines · Taiwan
1501
-22
🇻🇳 Wu · Vietnam
1442
-20
🇻🇳 Vikings · Vietnam
1420
-19
smithy10w
4:39 Loom
8:30 Feudal Age
12:41 Wheelbarrow
11:51 Town Watch
23:47 Double-Bit Axe
25:45 Horse Collar
30:22 Castle Age
28:42 Gold Mining
31:19 Bow Saw
31:09 Heavy Plow
40:45 Imperial Age
39:26 Bow Saw
40:20 Forging
41:14 Hand Cart
41:51 Heavy Plow
42:29 Stone Mining
45:38 Two-Man Saw
45:44 Forging
47:47 Scale Barding Armor
52:41 Iron Casting
52:54 Conscription
54:05 Elite Mameluke
55:20 Hoardings
56:10 Chain Barding Armor
57:53 Fletching
57:33 Elite Skirmisher
59:01 Thumb Ring
58:55 Bodkin Arrow
59:00 Padded Archer Armor
61:10 Ballistics
61:51 Chemistry
60:56 Siege Engineers
62:10 Bracer
68:50 Leather Archer Armor
72:59 Ring Archer Armor
79:19 Coinage
82:15 Banking
85:59 Chemistry
85:12 Caravan
uli2099
5:53 Loom
9:51 Feudal Age
11:25 Double-Bit Axe
12:06 Gold Mining
15:01 Fletching
15:48 Fishing Lines
21:03 Castle Age
22:35 Medium Warships
22:35 Bodkin Arrow
22:31 Crossbowman
23:31 Gillnets
28:06 Ballistics
29:05 Stone Mining
29:27 Padded Archer Armor
33:00 Imperial Age
32:53 Gold Shaft Mining
38:07 Conscription
42:17 Masonry
43:02 Arbalester
44:01 Leather Archer Armor
49:45 Scale Mail Armor
49:56 Forging
52:03 Onager
59:06 Chemistry
58:37 Architecture
60:23 Bow Saw
69:27 Bracer
70:31 Pikeman
71:13 Squires
75:56 Chain Mail Armor
76:17 Iron Casting
77:50 Plate Mail Armor
79:24 Blast Furnace
80:33 Elite Berserk
82:38 Two-Man Saw
81:22 Horse Collar
87:15 Ring Archer Armor
86:22 Elite Skirmisher
87:25 Arson
87:30 Treadmill Crane
苟住
11:14 Feudal Age
11:19 Loom
12:45 Fletching
17:04 Castle Age
15:27 Double-Bit Axe
25:24 Bodkin Arrow
26:03 Town Watch
29:54 Horse Collar
30:09 Gold Mining
30:59 Heavy Plow
36:18 Imperial Age
34:26 Scale Barding Armor
34:43 Bow Saw
34:23 Light Cavalry
35:14 Forging
36:44 Iron Casting
37:11 Wheelbarrow
39:14 Two-Man Saw
38:41 Bracer
39:36 Hand Cart
40:20 Hussar
41:16 Cavalier
43:07 Chain Barding Armor
50:58 Fishing Lines
54:12 Scale Mail Armor
54:51 Stone Mining
55:36 Gold Shaft Mining
55:36 Husbandry
56:24 Chain Mail Armor
59:12 Conscription
58:14 Elite War Wagon
85:26 Plate Mail Armor
elmor
6:24 Loom
9:14 Feudal Age
10:25 Double-Bit Axe
11:40 Fletching
19:26 Wheelbarrow
22:08 Castle Age
20:22 Horse Collar
27:45 Bodkin Arrow
33:44 Padded Archer Armor
36:05 Hand Cart
37:28 Bow Saw
41:26 Imperial Age
39:01 Elite Skirmisher
40:06 Leather Archer Armor
40:44 Ballistics
42:18 Bracer
43:36 Ring Archer Armor
47:29 Chemistry
47:34 Crossbowman
48:47 Crossbowman
54:26 Scale Barding Armor
54:32 Forging
54:51 Thumb Ring
57:27 Chain Barding Armor
57:43 Iron Casting
56:31 Light Cavalry
57:12 Husbandry
56:35 Capped Ram
58:14 Siege Ram
59:00 Hussar
64:05 Plate Barding Armor
70:56 Heavy Plow
71:58 Two-Man Saw
77:15 Gold Mining
RoadTo1100
10:03 Feudal Age
10:48 Double-Bit Axe
11:22 Loom
16:00 Castle Age
36:42 Crossbowman
38:07 Padded Archer Armor
42:11 Fletching
51:47 Imperial Age
49:41 Ballistics
50:17 Gold Mining
51:27 Clinker Construction
56:03 Chemistry
56:06 Bodkin Arrow
56:26 Leather Archer Armor
57:36 Leather Archer Armor
64:29 Carvel Hull
73:55 Town Watch
78:32 Coinage
79:21 Town Patrol
81:02 Banking
81:03 Elite Skirmisher
81:47 Horse Collar
82:44 Heavy Plow
83:33 Arbalester
84:39 Bracer
86:24 Bow Saw
Duc dam tac thich bus cu
8:22 Loom
10:43 Feudal Age
16:28 Castle Age
15:26 Double-Bit Axe
22:04 Fletching
23:03 Elite Skirmisher
23:57 Bodkin Arrow
26:00 Padded Archer Armor
34:09 Imperial Age
32:17 Crossbowman
35:28 Bracer
36:31 Conscription
36:12 Red Cliffs Tactics
36:30 Leather Archer Armor
38:21 Chemistry
37:42 Ballistics
38:24 Chemistry
43:17 Gold Mining
43:37 Bow Saw
43:09 Horse Collar
48:07 Elite Fire Archer
48:48 Sitting Tiger
50:38 Arbalester
63:57 Squires
63:42 Arson
64:00 Scale Mail Armor
64:10 Forging
65:14 Chain Mail Armor
65:13 Forging
68:59 Plate Mail Armor
68:02 Man-at-Arms
81:32 Iron Casting
84:05 Blast Furnace
85:24 Bloodlines
85:15 Husbandry
85:23 Scale Barding Armor
85:05 Light Cavalry
86:02 Hussar
87:04 Chain Barding Armor
88:18 Two-Man Saw
87:19 Heavy Plow
Connection lost

Rejoining the realm…

Still unreachable

The connection could not be restored.

Session expired

The server has moved on; the page needs a fresh start.